 Dungeon Crawl Stone Soup version 0.23.2-1-ga50397a6bc (webtiles) character file.

Game seed: 17670450624742279577

26370 Peloso the Carver (level 12, 0/110 HPs)
             Began as a Minotaur Fighter on Apr 14, 2019.
             Was the Champion of Okawaru.
             Slain by a polar bear (13 damage)
             ... in an ice cave.
             The game lasted 00:43:24 (15139 turns).

Peloso the Carver (Minotaur Fighter)               Turns: 15139, Time: 00:43:25

Health: 0/110      AC: 19    Str: 24    XL:     12   Next: 97%
Magic:  10/11      EV: 11    Int:  5    God:    Okawaru [******]
Gold:   891        SH: 14    Dex: 12    Spells: 11/11 levels left

rFire    + . .     SeeInvis .   a - +7 falchion of Ruheirui {chaos, rN++}
rCold    + . .     Gourm    .   c - +0 shield
rNeg     + + .     Faith    .   z - +0 plate armour
rPois    +         Spirit   .   x - +2 hat
rElec    +         Reflect  .   D - scarf {repulsion}
rCorr    +         Harm     .   j - +0 pair of gloves
MR       .....                  (no boots)
Stlth    ..........             I - amulet of the acrobat
HPRegen  0.28/turn              v - +2 ring of evasion
MPRegen  0.12/turn              (no ring)

@: resistant, repel missiles
A: retaliatory headbutt, horns 2
a: Heroism, Finesse, Renounce Religion


You were in an ice cave.
You worshipped Okawaru.
Okawaru was exalted by your worship.
You were not hungry.

You visited 3 branches of the dungeon, and saw 14 of its levels.
You also visited: Ice Cave.

You collected 891 gold pieces.

Inventory:

Hand Weapons
 a - the +7 falchion of Ruheirui (weapon) {chaos, rN++}
   (Okawaru gifted it to you on level 2 of the Lair of Beasts)

   Each time it hits an enemy it has a different, random effect.
   It greatly protects you from negative energy.
 K - a +4 hand crossbow of velocity
Armour
 b - a +0 scale mail
 c - a +0 shield (worn)
 j - a +0 pair of gloves (worn)
 o - a +0 chain mail
 s - a +0 cloak
 x - a +2 hat (worn)
 z - a +0 plate armour (worn)
 D - a scarf of repulsion (worn)
Jewellery
 e - an uncursed amulet of rage
 v - a +2 ring of evasion (left hand)
 I - an amulet of the acrobat (around neck)
Wands
 q - a wand of enslavement (13)
 B - a wand of iceblast (8)
 C - a wand of flame (14)
 G - a wand of paralysis (7)
Scrolls
 h - 8 scrolls of teleportation
 i - 3 scrolls of identify
 l - 3 scrolls of immolation
 m - a scroll of fog
 p - 7 scrolls of remove curse
 w - 3 scrolls of enchant armour
 y - 2 scrolls of blinking
 A - a scroll of enchant weapon
Potions
 d - a potion of heal wounds
 g - 4 potions of curing
 k - a potion of flight
 n - 4 potions of agility
 r - a potion of berserk rage
 t - 2 potions of haste
 u - 4 potions of mutation
 E - 2 potions of brilliance
 F - a potion of lignification
Comestibles
 f - 25 rations
 J - 9 chunks of flesh


   Skills:
 + Level 11.3 Fighting
 + Level 14.1 Long Blades
 + Level 12.2 Armour
 + Level 3.9 Dodging
 + Level 3.3 Stealth
 + Level 13.8 Shields
 + Level 0.9 Invocations


You had 11 spell levels left.
You didn't know any spells.
Your spell library contained the following spells:

 Spells                   Type           Power        Failure   Level  Hunger
 Confusing Touch          Hex            #.....       99%         1    ##.....
 Corona                   Hex            #......      99%         1    ##.....
 Infusion                 Chrm           #...         99%         1    ##.....
 Magic Dart               Conj           #...         99%         1    ##.....
 Ensorcelled Hibernation  Hex/Ice        #.....       100%        2    ###....
 Searing Ray              Conj           #.....       100%        2    ###....
 Shroud of Golubria       Chrm/Tloc      #.........   100%        2    ###....
 Song of Slaying          Chrm           #.......     100%        2    ###....
 Confuse                  Hex            #.......     100%        3    ####...
 Dazzling Spray           Conj/Hex       #.....       100%        3    ####...
 Gell's Gravitas          Tloc           #.........   100%        3    ####...
 Regeneration             Chrm/Necr      #.........   100%        3    ####...
 Spectral Weapon          Hex/Chrm       #.......     100%        3    ####...
 Tukima's Dance           Hex            #.......     100%        3    ####...
 Force Lance              Conj/Tloc      #.......     100%        4    #####..
 Fulminant Prism          Conj/Hex       #.........   100%        4    #####..
 Iskenderun's Mystic Bla  Conj           #.......     100%        4    #####..
 Petrify                  Tmut/Erth      #.......     100%        4    #####..
 Iskenderun's Battlesphe  Conj/Chrm      #.......     100%        5    ######.
 Metabolic Englaciation   Hex/Ice        #.........   100%        5    ######.
 Yara's Violent Unravell  Hex/Tmut       #.........   100%        5    ######.
 Freezing Cloud           Conj/Ice/Air   #.........   100%        6    #######
 Simulacrum               Ice/Necr       #.........   100%        6    #######


Dungeon Overview and Level Annotations

Branches:
Dungeon (10/15)            Temple (1/1) D:6            Lair (3/6) D:10
  Swamp (0/4) Lair:3        Snake (0/4) Lair:3          Orc (0/2) D:9

Altars:
Ashenzari
Cheibriados
Dithmenos
Elyvilon
Fedhas
Gozag
Hepliaklqana
Kikubaaqudgha
Makhleb
Nemelex Xobeh
Okawaru
Qazlal
Ru
Sif Muna
Trog
Uskayaw
Vehumet
Wu Jian
Xom
Yredelemnul
Zin
The Shining One

Shops:
D:2 *   D:6 :   D:7 =

Annotations:
D:10 Peloso's ghost, novice MiFi


Innate Abilities, Weirdness & Mutations

You reflexively headbutt those who attack you in melee.
You have a pair of horns on your head.


Message History

Okawaru is honoured by your kill.
Reactivating autopickup.
You feel a bit more experienced.
Unknown command.
Your plate armour prevents you from hitting the polar bear.
The polar bear is almost dead.
The polar bear bites you!!
* * * LOW HITPOINT WARNING * * *
The polar bear closely misses you. The polar bear claws you.
* * * LOW HITPOINT WARNING * * *
You closely miss the polar bear.
The polar bear is almost dead.
The polar bear bites you but does no damage.
You block the polar bear's attack.
The polar bear claws you but does no damage.
Unknown command.
Your plate armour prevents you from hitting the polar bear.
The polar bear is almost dead.
The polar bear bites you!
You die...

.h# #h#
##.# #h##
#.## #.k#
##h# ##h#
###@##
##.#.#
#....# #≈≈
##.#.##
≈≈≈≈
#.###.#
≈#≈≈##.##
.#
≈≈≈≈≈#..#
##
≈#≈≈≈##.##
≈≈≈≈#≈#≈.#


You could see 2 polar bears and a rime drake.

Vanquished Creatures
  A frost giant (IceCv)
  A hydra (Lair:1)
  3 death yaks (D:10)
  Pikel (D:4)
  A black mamba (Lair:2)
  An ice statue (IceCv)
  A torpor snail (Lair:1)
  4 spiny frogs
  3 rime drakes
  4 komodo dragons
  A troll (shapeshifter) (IceCv)
  12 polar bears (IceCv)
  Grinder (D:2)
  Prince Ribbit (D:6)
  5 hippogriffs
  4 blink frogs (Lair:2)
  A wyvern (D:8)
  2 humans
  21 yaks
  3 basilisks
  2 steam dragons (D:8)
  4 hogs (D:8)
  A warg (D:8)
  9 water moccasins
  7 porcupines
  3 sky beasts
  4 orc warriors
  A black bear (D:6)
  4 necrophages (D:7)
  3 ice beasts
  5 centaurs
  7 ogres
  11 wolves (IceCv)
  3 crocodiles
  Blork the orc (D:6)
  12 bullfrogs
  A water moccasin zombie (D:7)
  4 scorpions
  8 wights (D:7)
  11 killer bees
  6 howler monkeys
  An electric eel (D:9)
  4 crimson imps
  A bullfrog zombie (D:10)
  3 hounds (D:7)
  A jelly (D:8)
  7 orc priests
  5 orc wizards
  Crazy Yiuf (D:3)
  A bullfrog skeleton (D:10)
  An iguana (D:7)
  Natasha (thrice) (D:2)
  5 hell rats
  5 worker ants
  2 killer bee zombies
  A howler monkey zombie (D:9)
  3 worker ant zombies
  Robin (D:2)
  12 gnolls
  A howler monkey skeleton (D:5)
  9 river rats
  11 adders
  3 shadow imps
  12 white imps (Lair:3)
  3 adder zombies
  2 adder skeletons (D:8)
  3 worms
  5 dart slugs
  8 leopard geckos
  31 orcs
  9 bats
  5 giant cockroaches
  16 goblins
  10 hobgoblins
  2 jackals (D:5)
  5 quokkas
  A ball python (D:2)
  6 frilled lizards
  A jackal skeleton (D:7)
  A jackal zombie (D:7)
  4 kobolds
  11 rats
394 creatures vanquished.

Vanquished Creatures (others)
  A wolf (IceCv)
  A hound (D:4)
  An adder (D:4)
3 creatures vanquished.

Grand Total: 397 creatures vanquished

Notes
Turn   | Place    | Note
-------+----------+-------------------------------------------
     0 | D:1      | Peloso the Minotaur Fighter began the quest for the Orb.
     0 | D:1      | Reached XP level 1. HP: 19/19 MP: 0/0
   123 | D:1      | Reached XP level 2. HP: 23/27 MP: 1/1
   420 | D:1      | Reached XP level 3. HP: 33/33 MP: 2/2
   462 | D:1      | Reached skill level 3 in Long Blades
   792 | D:2      | Found a glowing golden altar of the Shining One.
   881 | D:2      | Found Zin's Purification Station.
   881 | D:2      | Found a glowing silver altar of Zin.
  1359 | D:3      | Reached XP level 4. HP: 14/40 MP: 3/3
  1388 | D:3      | Noticed Natasha
  1420 | D:2      | Killed Natasha
  1430 | D:2      | Noticed Natasha
  1434 | D:2      | Killed Natasha
  1703 | D:3      | Noticed Robin
  1712 | D:2      | Noticed Natasha
  1715 | D:2      | Killed Natasha
  1715 | D:2      | Reached XP level 5. HP: 34/47 MP: 4/4
  1784 | D:2      | Killed Robin
  1788 | D:2      | Reached skill level 1 in Dodging
  1805 | D:3      | Noticed Grinder
  1812 | D:2      | Reached skill level 5 in Shields
  1857 | D:2      | Killed Grinder
  1857 | D:2      | Reached skill level 4 in Long Blades
  1857 | D:2      | Reached skill level 5 in Armour
  1857 | D:2      | Reached XP level 6. HP: 26/53 MP: 5/5
  2237 | D:3      | Found a hazy altar of Hepliaklqana.
  2311 | D:3      | Found a runed translucent door.
  2312 | D:3      | Noticed Crazy Yiuf
  2500 | D:3      | Killed Crazy Yiuf
  2539 | D:4      | Noticed a slave
  2539 | D:4      | Noticed a slave
  2540 | D:4      | Noticed a slave
  2541 | D:4      | Noticed Pikel
  2542 | D:4      | Noticed a slave
  2566 | D:4      | Killed Pikel
  2566 | D:4      | Reached skill level 5 in Fighting
  2566 | D:4      | Reached skill level 6 in Long Blades
  2566 | D:4      | Reached XP level 7. HP: 42/61 MP: 6/6
  2574 | D:4      | Found the +4 robe of Augmentation {Str+4 Int+4 Dex+4}
  2695 | D:4      | Reached XP level 8. HP: 45/69 MP: 7/7
  3272 | D:5      | Entered Level 5 of the Dungeon
  3337 | D:5      | Reached skill level 7 in Long Blades
  3706 | D:5      | Found a snail-covered altar of Cheibriados.
  4375 | D:6      | Reached skill level 8 in Long Blades
  4447 | D:6      | Found Kabunow's Book Emporium.
  4507 | D:6      | Reached XP level 9. HP: 48/78 MP: 8/8
  4618 | D:6      | Noticed Prince Ribbit
  4642 | D:6      | Killed Prince Ribbit
  4642 | D:6      | Reached skill level 9 in Long Blades
  4719 | D:6      | Noticed Blork the orc
  4744 | D:6      | Killed Blork the orc
  5261 | D:6      | Found a staircase to the Ecumenical Temple.
  5366 | Temple   | Entered the Ecumenical Temple
  5410 | Temple   | Became a worshipper of Warmaster Okawaru
  5552 | D:7      | Found an opulent altar of Gozag.
  5717 | D:7      | Reached skill level 10 in Long Blades
  5782 | D:7      | Reached * piety under Okawaru
  5996 | D:7      | Found Iceu's Jewellery Boutique.
  6075 | D:7      | Reached XP level 10. HP: 75/88 MP: 9/9
  6625 | D:8      | Reached skill level 10 in Shields
  6778 | D:7      | Reached ** piety under Okawaru
  6953 | D:7      | Reached skill level 11 in Long Blades
  7729 | D:8      | Found a shadowy altar of Dithmenos.
  7973 | D:8      | Reached *** piety under Okawaru
  8243 | D:9      | Found a staircase to the Orcish Mines.
  8280 | D:9      | Reached XP level 11. HP: 78/95 MP: 10/10
  8531 | D:9      | Found a basalt altar of Yredelemnul.
  9222 | D:9      | Reached **** piety under Okawaru
  9633 | D:10     | Entered Level 10 of the Dungeon
  9758 | D:10     | Noticed an ice dragon
 10380 | D:10     | Noticed Peloso's ghost (novice MiFi)
 10480 | D:10     | Noticed a death yak
 10508 | D:10     | Killed a death yak
 10508 | D:10     | Reached skill level 12 in Long Blades
 10508 | D:10     | Reached skill level 10 in Armour
 10699 | D:10     | Found a staircase to the Lair.
 10700 | D:10     | Noticed a death yak
 10729 | D:10     | Killed a death yak
 10927 | D:10     | Noticed a death yak
 10963 | D:10     | Killed a death yak
 11279 | Lair:1   | Entered Level 1 of the Lair of Beasts
 11429 | Lair:1   | Reached ***** piety under Okawaru
 12360 | Lair:1   | Noticed a five-headed hydra
 12388 | Lair:1   | Killed a 14-headed hydra
 12388 | Lair:1   | Reached skill level 10 in Fighting
 12586 | Lair:1   | Reached skill level 1 in Stealth
 12953 | Lair:2   | Reached XP level 12. HP: 106/106 MP: 11/11
 12972 | Lair:2   | Got a brightly glowing trident
 12973 | Lair:2   | Identified the +7 trident of Roifrali {elec, Fragile +Inv
                  | rC+++ Dex-3} (You found it on level 2 of the Lair of
                  | Beasts)
 13046 | Lair:2   | Reached skill level 13 in Long Blades
 13129 | Lair:2   | Reached ****** piety under Okawaru
 13254 | Lair:2   | Found a sacrificial altar of Ru.
 13406 | Lair:2   | Received a gift from Okawaru
 13410 | Lair:2   | Got a bloodstained falchion {god gift}
 13411 | Lair:2   | Identified the +7 falchion of Ruheirui {chaos, rN++}
                  | (Okawaru gifted it to you on level 2 of the Lair of Beasts)
 13827 | Lair:3   | Found a frozen archway.
 13862 | IceCv    | Entered an ice cave
 14060 | IceCv    | Identified the Disquisition on Snow and Talismans
 14852 | IceCv    | Reached skill level 14 in Long Blades
 14951 | IceCv    | Received a gift from Okawaru
 15103 | IceCv    | Noticed a frost giant
 15136 | IceCv    | Killed a frost giant
 15139 | IceCv    | Slain by a polar bear

Skill      XL: |  1  2  3  4  5  6  7  8  9 10 11 12 |
---------------+-------------------------------------+-----
Shields        | 4 5 6 7 9 11 12 13 | 13.8
Armour         | 4 5 6 7 8 9 11 12 | 12.2
Long Blades    | 3 4 6 8 10 11 12 14 | 14.1
Fighting       | 4 5 6 7 8 10 11 | 11.3
Dodging        | 2 3 |  3.9
Stealth        | 1 3 |  3.3
Invocations    | |  0.9

Action                   |  1- 3 |  4- 6 |  7- 9 | 10-12 || total
-------------------------+-------+-------+-------+-------++-------
Melee: Long sword        |    97 |   111 |   280 |       ||   488
       Headbutt          |    12 |    23 |    71 |   285 ||   391
       Falchion          |       |       |    54 |  1090 ||  1144
Invok: Heroism           |       |       |     1 |    10 ||    11
       Finesse           |       |       |       |     1 ||     1
Evoke: Wand              |       |       |     1 |       ||     1
  Use: Scroll            |       |     5 |     1 |    15 ||    21
       Potion            |       |     1 |     2 |     4 ||     7
 Stab: Petrified         |       |       |       |     6 ||     6
       Petrifying        |       |       |       |     4 ||     4
       Paralysed         |       |       |       |     3 ||     3
  Eat: Chunk             |       |     6 |    11 |    27 ||    44
       Ration            |       |       |       |     1 ||     1
Armor: Scale mail        |    61 |    47 |       |       ||   108
       Chain mail        |       |     9 |   120 |    38 ||   167
       Plate armour      |       |       |       |   325 ||   325
Dodge: Dodged            |    34 |    44 |    91 |   313 ||   482
       Deflected         |       |       |       |     4 ||     4
Block: Shield            |    62 |    86 |   169 |   609 ||   926
       Rpst.: Long sword |     3 |    13 |    23 |       ||    39
       Falchion          |       |       |     5 |    76 ||    81
